 Dungeon Crawl Stone Soup version 0.19-a0-36-g4a0968a (webtiles) character file.

77 jyri the Ruffian (level 4, 0/38 HPs)
             Began as a Ghoul Monk on May 3, 2016.
             Slain by an iron imp (6 damage)
             ... summoned by Natasha
             ... on level 2 of the Dungeon.
             The game lasted 00:06:39 (1341 turns).

jyri the Ruffian (Ghoul Monk)                       Turns: 1341, Time: 00:06:39

Health: 0/38       AC:  4    Str: 15    XL:     4   Next: 34%
Magic:  3/3        EV: 11    Int:  5    God:
Gold:   80         SH:  0    Dex: 11    Spells: 0 memorised, 3 levels left

rFire  + . .     SeeInvis .       - Unarmed
rCold  + + .     Gourm    .     j - -2 ring mail (curse)
rNeg   + + +     Faith    .     (no shield)
rPois  ∞         Spirit   .     (no helmet)
rElec  .         Dismiss  .     e - +0 cloak (curse)
rCorr  .         Reflect  .     (no gloves)
SustAt .         Harm     .     (no boots)
MR     .....                    (no amulet)
Stlth  +.........               n - ring of protection from cold
                                d - ring of protection from fire

@: rotting, not resistant to hostile enchantments, very unstealthy
A: rotting body, claws 1, carnivore 3, cold resistance 1, negative energy
resistance 3, slow regeneration 1, torment resistance, unbreathing
a: no special abilities


You were on level 2 of the Dungeon.
You were not hungry.

You visited 1 branch of the dungeon, and saw 2 of its levels.

You collected 80 gold pieces.

Inventory:

Missiles
 i - 32 bolts
 o - 28 arrows
Armour
 a - a +0 robe
 c - a +0 ring mail
 e - a cursed +0 cloak (worn)
 j - a cursed -2 ring mail (worn)
Jewellery
 d - a ring of protection from fire (left claw)
 n - a ring of protection from cold (right claw)
Potions
 f - a potion of flight {unknown}
 g - a potion of beneficial mutation {unknown}
 h - a potion of heal wounds
 k - a potion of haste {unknown}
 m - 2 potions of might {unknown}
Comestibles
 b - 3 meat rations
 l - 2 chunks of flesh


   Skills:
 - Level 3.2 Fighting
 - Level 2.6 Dodging
 - Level 2.1 Stealth
 + Level 6.3 Unarmed Combat


You had 3 spell levels left.
You didn't know any spells.

Dungeon Overview and Level Annotations

Branches:
Dungeon (2/15)

Altars:
Elyvilon
Kikubaaqudgha
Okawaru
Sif Muna
Vehumet
Zin

Annotations:
D:2 Natasha


Innate Abilities, Weirdness & Mutations

Your body is rotting away.
You thrive on raw meat.
You are immune to poison.
You have sharp fingernails.
You are carnivorous and can eat meat at any time.
Your flesh is cold resistant.
You are immune to negative energy.
You regenerate slowly when monsters are visible.
You are immune to unholy pain and torment.
You can survive without breathing.


Message History

You claw Natasha!
Natasha is severely wounded.
Natasha claws you.
You scratch Natasha but do no damage.
Natasha is severely wounded.
Natasha claws you!
You barely miss Natasha.
Natasha is severely wounded.
Natasha casts a spell.
You miss Natasha.
Natasha is severely wounded.
Natasha claws you!
You closely miss Natasha.
Natasha is severely wounded.
You completely miss Natasha.
Natasha is severely wounded.
Natasha claws you!
* * * LOW HITPOINT WARNING * * *
The iron imp hits you.
You die...

#.##.....##........###.##
#.##.#.####........###+##
#)..[#.####........#.....
#####.........)........#.....
#...'.........#........#.....
#.###.....###.#..............
#.# #..............##........
#.# #......h.......##........
#.# #......5@......##........
#.# #....)###.#######........
#.# ####### #.# #........ #.#
#.#######........ #.#
#.........####### #.#
########### #.# #.# #.#


You could see an iron imp and Natasha.

Vanquished Creatures
  Natasha (D:2)
  An adder (D:2)
  A worm (D:2)
  A dart slug (D:1)
  2 giant geckos
  A ball python (D:1)
  7 bats
  2 giant cockroaches (D:1)
  5 goblins
  6 hobgoblins
  2 jackals (D:2)
  A giant newt (D:2)
  3 kobolds
  2 rats (D:1)
35 creatures vanquished.

Notes
Turn   | Place    | Note
--------------------------------------------------------------
     0 | D:1      | jyri the Ghoul Monk began the quest for the Orb.
     0 | D:1      | Reached XP level 1. HP: 19/19 MP: 0/0
    91 | D:1      | Reached XP level 2. HP: 22/26 MP: 1/1
   180 | D:1      | Reached skill level 5 in Unarmed Combat
   407 | D:1      | Reached XP level 3. HP: 27/31 MP: 2/2
   870 | D:2      | Found a faded altar to an unknown god.
  1201 | D:2      | Noticed Natasha
  1208 | D:2      | Killed Natasha
  1208 | D:2      | Reached skill level 6 in Unarmed Combat
  1208 | D:2      | Reached XP level 4. HP: 35/38 MP: 3/3
  1260 | D:2      | Found a deep blue altar of Sif Muna.
  1260 | D:2      | Found a radiant altar of Vehumet.
  1263 | D:2      | Found an iron altar of Okawaru.
  1268 | D:2      | Found an ancient bone altar of Kikubaaqudgha.
  1268 | D:2      | Found a white marble altar of Elyvilon.
  1272 | D:2      | Found a glowing silver altar of Zin.
  1330 | D:2      | Noticed Natasha
  1341 | D:2      | Slain by an iron imp

Vault maps used:
D:1:      dpeg_arrival_stone_temple_mockup
D:2:      minitemple, ecumenical_altar_1, uniq_natasha

Skill      XL: |  1  2  3 |
---------------+----------+-----
Unarmed Combat | 5 6 |  6.3
Fighting       | |  3.2
Dodging        | |  2.6
Stealth        | |  2.1

Action                   |  1- 3 |  4- 6 || total
-------------------------+-------+-------++-------
Melee: Unarmed           |    93 |     9 ||   102
       Punch             |     2 |       ||     2
  Use: Scroll            |     2 |       ||     2
 Stab: Sleeping          |     1 |       ||     1
  Eat: Chunk             |    10 |     1 ||    11
Armor: Ring mail         |    31 |       ||    31
Dodge: Dodged            |    47 |     2 ||    49
